 Dungeon Crawl Stone Soup version 0.29.1-4-g47bece8355 (webtiles) character file.

Game seed: 13695511715898693242

5249 hawla the Arsonist (level 11, -7/81 (82) HPs)
             Began as a Meteoran Fire Elementalist on Dec 6, 2022.
             Was a Priest of Vehumet.
             Mangled by an orc knight
             ... wielding a +0 great sword
              (29 damage)
             ... on level 10 of the Dungeon.
             The game lasted 00:20:11 (4421 turns).

hawla the Arsonist (Meteoran Fire Elementalist)     Turns: 4421, Time: 00:20:11

HP:   -7/81 (82)    AC:  8    Str: 10    XL:     11   Next: 15%
MP:   13/35         EV: 14    Int: 20    God:    Vehumet [***...]
Gold: 377           SH:  0    Dex: 16    Spells: 18/30 levels left

rFire   + . .      SeeInvis .   d - +1 long sword
rCold   x . .      Faith    .   (no shield)
rNeg    . . .      Spirit   .   v - +0 steam dragon scales
rPois   .          Reflect  .   (no helmet)
rElec   .          Harm     .   (no cloak)
rCorr   .          Rampage  .   (no gloves)
Will    +....                   p - +2 pair of boots
Stlth   +.........              o - amulet of regeneration
HPRegen 1.03/turn               e - ring of fire
MPRegen 0.24/turn               b - ring of magical power

@: about to teleport, glowing, lightly drained
A: sense surroundings 2, otherworldly, glowing, explore regen
a: Renounce Religion


You were on level 10 of the Dungeon.
You worshipped Vehumet.
Vehumet was most pleased with you.
You visited 2 branches of the dungeon, and saw 11 of its levels.

You collected 377 gold pieces.

Inventory:

Hand Weapons
 d - a +1 long sword (weapon)
Armour
 i - a +2 robe of the Archmagi
 p - a +2 pair of boots (worn)
 v - +0 steam dragon scales (worn)
 y - the +1 robe of the Soft God {+Inv rPois rC- Dex+5}
   (You took it off a gnoll on level 6 of the Dungeon)

   Dex:       It affects your dexterity (+5).
   rC:        It makes you vulnerable to cold.
   rPois:     It protects you from poison.
   +Inv:      It lets you turn invisible.
 E - a +1 robe of cold resistance
Magical Staves
 k - a staff of cold
Jewellery
 b - a ring of magical power (right hand)
 e - a ring of fire (left hand)
 f - a ring of see invisible
 n - a +6 ring of dexterity
 o - an amulet of regeneration (around neck)
 u - a ring of flight
 w - a ring of willpower
Wands
 c - a wand of digging (1)
 s - a wand of paralysis (9) (quivered)
Scrolls
 l - a scroll of summoning
 m - 3 scrolls of fear
 q - a scroll of amnesia
Potions
 g - 2 potions of attraction
 h - 2 potions of curing
 t - a potion of ambrosia
 x - a potion of magic
 A - a potion of heal wounds
 D - a potion of mutation {unknown}


   Skills:
 + Level 3.5 Fighting
 + Level 2.7 Long Blades
 + Level 5.1 Dodging
 - Level 1.4 Stealth
 - Level 0.1 Unarmed Combat
 + Level 10.0 Spellcasting
 + Level 6.1 Conjurations
 + Level 12.3 Fire Magic
 + Level 2.0 Ice Magic
 + Level 2.6 Air Magic
 + Level 2.0 Evocations


You had 18 spell levels left.
You knew the following spells:

 Your Spells              Type           Power      Damage    Failure   Level
a - Foxfire               Conj/Fire      100%       2x1d9     1%          1
b - Scorch                Fire           100%       2d10      1%          2
c - Flame Wave            Conj/Fire      63%        2d15      1%          4
d - Freezing Cloud        Conj/Ice/Air   12%        6-21      12%         5

Your spell library contained the following spells:

 Spells                   Type           Power      Damage    Failure   Level
 Ignite Poison            Fire/Tmut/Pois 39%        N/A       1%          3
 Freeze                   Ice            72%        1d9       1%          1
 Conjure Flame            Conj/Fire      63%        6-21      1%          3
 Inner Flame              Hex/Fire       51%        N/A       1%          3
 Frozen Ramparts          Ice            36%        1d6       2%          3
 Hailstorm                Conj/Ice       26%        3d7       3%          4
 Simulacrum               Ice/Necr       7%         N/A       100%        6
 Polar Vortex             Ice            9%         N/A       100%        9


Dungeon Overview and Level Annotations

Branches:
Dungeon (10/15) Zot: 1605  Temple (1/1) D:4 Zot: 555
   Lair: D:8-11         Orc: D:9-12

Altars:
Ashenzari
Cheibriados
Dithmenos
Elyvilon
Fedhas
Gozag
Hepliaklqana
Kikubaaqudgha
Makhleb
Nemelex Xobeh
Okawaru
Qazlal
Ru
Sif Muna
Trog
Uskayaw
Vehumet
Wu Jian
Xom
Yredelemnul
Zin
The Shining One

Annotations:
D:4 Edmund
Temple 2 transporters


Innate Abilities, Weirdness & Mutations

You passively map the area around you.
You are easily found by Zot.
You glow in the dark.
You regain HP and MP as you explore.


Message History

Press: ? - help, Dir - look around, f - activate You feel a surge of power!
A wave of flame ripples out!
The flame wave engulfs the orc knight!
The orc knight is burned terribly!
The orc knight is heavily wounded. (Press . to intensify the flame waves.)
The orc knight hits you with a +0 great sword!
A wave of flame ripples out!
The flame wave engulfs the orc knight.
The orc knight is burned terribly!
The orc knight is heavily wounded.
The orc knight hits you with a +0 great sword!
A wave of flame ripples out!
The flame wave engulfs the orc knight!
The orc knight is burned terribly!
The orc knight is heavily wounded.
You finish channelling waves of flame.
The orc knight barely misses you.
Unknown command.
Casting: Flame Wave (safe; 1% risk of failure)
Confirm with . or Enter, or press ? or * to list all spells.
You feel a surge of power!
Flames lash the orc knight but do no damage.
The orc knight barely misses you.
Casting: Scorch (safe; 1% risk of failure)
Confirm with . or Enter, or press ? or * to list all spells.
You feel a surge of power!
Flames lash the orc knight.
The orc knight is burned terribly!
The orc knight is severely wounded.
The orc knight misses you.
Casting: Scorch (safe; 1% risk of failure)
Confirm with . or Enter, or press ? or * to list all spells.
Casting: Flame Wave (safe; 1% risk of failure)
Press: ? - help, Dir - look around, f - activate You feel a surge of power!
A wave of flame ripples out!
The flame wave engulfs the orc knight but does no damage.
The orc knight is severely wounded. (Press . to intensify the flame waves.)
The orc warrior hits you from afar with a +0 halberd!!
* * * LOW HITPOINT WARNING * * *
As you read the scroll of teleportation, it crumbles to dust.
You feel strangely unstable.
The orc knight hits you with a +0 great sword!!
You die...

, ,,,
#.....# * *
#.....# , ,
#.....# *
####'## * *
###.# *,
#...# ** ,
###'#### ,,
###)o)...# ,
*#.o.@....#
, ,
#...#......#
#...
#......# ,
..# #......#
,, ,
#......# , ,
*#......# ,
,, ##+#####
, , , , ,, ,
*


You could see an orc knight (combustible) and an orc warrior (strong).

Vanquished Creatures
  A hornet (D:9)
  Sigmund (D:4)
  8 yaks
  2 steam dragons
  An acid dragon (D:9)
  Duvessa (D:4)
  A black bear (D:6)
  An orc warrior (D:9)
  3 ice beasts
  4 centaurs
  2 phantoms (D:5)
  A necrophage (D:8)
  13 wights
  Dowan (D:4)
  11 killer bees
  An electric eel (D:7)
  A howler monkey (D:7)
  6 hounds
  A gnoll bouda (D:7)
  A jelly (D:7)
  5 orc priests
  An iguana (D:5)
  17 orc wizards
  7 gnolls
  3 adders
  A worm (D:4)
  31 orcs
  3 endoplasms
  3 hobgoblins
  A jackal (D:1)
  3 quokkas
  3 ball pythons
  A frilled lizard (D:2)
  2 kobolds
  2 rats
144 creatures vanquished.

Vanquished Creatures (others)
  120 foxfires
120 creatures vanquished.

Grand Total: 264 creatures vanquished

Notes
Turn   | Place    | Note
-------+----------+-------------------------------------------
     0 | D:1      | hawla the Meteoran Fire Elementalist began the quest for
                  | the Orb.
     0 | D:1      | Reached XP level 1. HP: 14/14 MP: 5/5
    46 | D:2      | Reached XP level 2. HP: 22/22 MP: 2/6
    73 | D:2      | Reached skill level 1 in Fighting
    86 | D:3      | Learned a level 2 spell: Scorch
   190 | D:3      | Reached skill level 4 in Fire Magic
   190 | D:3      | Reached XP level 3. HP: 29/29 MP: 1/8
   233 | D:3      | Reached XP level 4. HP: 36/36 MP: 5/9
   238 | D:3      | Learned a level 4 spell: Flame Wave
   297 | D:4      | Noticed Sigmund
   316 | D:4      | Killed Sigmund
   317 | D:4      | Reached skill level 6 in Fire Magic
   317 | D:4      | Reached XP level 5. HP: 38/41 MP: 3/10
   317 | D:4      | Reached XP level 6. HP: 44/48 MP: 3/11
   439 | D:4      | Reached skill level 7 in Fire Magic
   442 | D:4      | Reached XP level 7. HP: 23/53 MP: 1/12
   472 | D:4      | Found a staircase to the Ecumenical Temple.
   479 | Temple   | Entered the Ecumenical Temple
   479 | Temple   | Found a transporter.
   479 | Temple   | Found a transporter.
   481 | Temple   | Found a transporter.
   481 | Temple   | Found a transporter.
   507 | Temple   | Became a worshipper of Vehumet
   526 | D:4      | Noticed Duvessa
   527 | D:4      | Noticed Dowan
   532 | D:4      | Killed Duvessa
   540 | D:4      | Killed Dowan
   627 | D:4      | Reached skill level 8 in Fire Magic
   762 | D:4      | Noticed Edmund
   784 | D:5      | Entered Level 5 of the Dungeon
   830 | D:5      | Reached XP level 8. HP: 61/61 MP: 7/14
   860 | D:5      | Reached skill level 1 in Long Blades
   975 | D:5      | Found a glowing silver altar of Zin.
  1000 | D:5      | Found an opulent altar of Gozag.
  1123 | D:5      | Reached * piety under Vehumet
  1123 | D:5      | Offered knowledge of Sandblast by Vehumet.
  1160 | D:5      | Reached skill level 9 in Fire Magic
  1191 | D:6      | Gained mutation: You passively map the area around you.
                  | [Meteoran growth]
  1191 | D:6      | Reached XP level 9. HP: 44/67 MP: 15/17
  1196 | D:6      | Reached skill level 5 in Spellcasting
  1296 | D:6      | Identified the +1 robe of the Soft God {+Inv rPois rC-
                  | Dex+5}
  1490 | D:7      | Reached skill level 5 in Conjurations
  1490 | D:7      | Reached skill level 10 in Fire Magic
  1817 | D:7      | Reached XP level 10. HP: 77/77 MP: 8/22
  1848 | D:7      | Reached ** piety under Vehumet
  1849 | D:7      | Offered knowledge of Freeze by Vehumet.
  1952 | D:7      | Found an iron altar of Okawaru.
  1953 | D:7      | Found a hazy altar of Hepliaklqana.
  1969 | D:7      | Reached skill level 11 in Fire Magic
  2594 | D:8      | Offered knowledge of Searing Ray by Vehumet.
  3012 | D:9      | Found a snail-covered altar of Cheibriados.
  3025 | D:9      | Reached skill level 12 in Fire Magic
  3232 | D:9      | Reached *** piety under Vehumet
  3355 | D:9      | Learned a level 5 spell: Freezing Cloud
  3643 | D:9      | Reached XP level 11. HP: 57/82 MP: 25/25
  3646 | D:9      | Reached skill level 10 in Spellcasting
  3758 | D:9      | Offered knowledge of Ignite Poison by Vehumet.
  3759 | D:9      | Reached skill level 5 in Dodging
  4390 | D:10     | Entered Level 10 of the Dungeon
  4408 | D:10     | Noticed an orc knight
  4421 | D:10     | Mangled by an orc knight

Illustrated notes

Levels and vault maps discovered:
D:1:      dpeg_arrival_lava_altar, layout_basic,
          hellmonk_ecumenical_altar_inner_sanctum
D:2:      layout_basic, minmay_misc_feat_tiny
D:3:      minmay_skewed_foursquare, layout_basic, grunt_ministairs_7,
          st_stairs_8
D:4:      layout_loops_ring, temple_statues, minmay_misc_feat_room,
          minmay_a_box_with_orc_wizards_in_it, uniq_edmund, uniq_duvessa,
          uniq_sigmund
D:5:      layout_loops_cross, pdpol_temple_overflow_zin_treasury_gozag_greed
D:6:      layout_basic, minmay_statues_item
D:7:      layout_basic, nicolae_overflow_squiral, serial_corexii_hall,
          chequers_hall_statues_y, corexii_hall_statues_x, eino_tiny_chamber
D:8:      layout_basic
D:9:      hellmonk_destroyed_diamonds, layout_stronghold, lemuel_crystal_altar,
          serial_column_ruins, column_ruins_corridor_straight,
          column_ruins_open_small, column_ruins_columns_corner,
          column_ruins_open_medium, column_ruins_open_medium,
          column_ruins_open_tiny, kennysheep_generic_room_2
D:10:     layout_roguey, orc_david_3, uniq_urug, uniq_fannar
Temple:   hellmonk_temple_divided_pantheon

Skill      XL: |  1  2  3  4  5  6  7  8  9 10 11 |
---------------+----------------------------------+-----
Fighting       | 1 2 3 |  3.5
Spellcasting   | 3 4 7 9 10 | 10.0
Fire Magic     | 4 6 7 8 9 10 12 | 12.3
Conjurations   | 2 3 4 5 6 |  6.1
Long Blades    | 1 2 |  2.7
Dodging        | 3 4 5 |  5.1
Ice Magic      | 2 |  2.0
Evocations     | 2 |  2.0
Air Magic      | 2 |  2.6
Stealth        | |  1.4
Unarmed Combat | |  0.1

Action                   |  1- 3 |  4- 6 |  7- 9 | 10-12 || total
-------------------------+-------+-------+-------+-------++-------
Melee: Unarmed           |     3 |       |       |       ||     3
       Long sword        |       |     3 |    38 |    13 ||    54
       Punch             |       |       |     4 |       ||     4
       Staff             |       |       |     3 |       ||     3
 Cast: Foxfire           |    19 |    12 |    25 |    18 ||    74
       Scorch            |     7 |     9 |    28 |    38 ||    82
       Flame Wave        |       |     1 |    17 |    13 ||    31
       Freezing Cloud    |       |       |       |     7 ||     7
  Use: Scroll            |     2 |     1 |     5 |    11 ||    19
       Potion            |       |     2 |     1 |       ||     3
Armor: Robe              |     8 |     3 |    19 |    12 ||    42
       Steam dragon scal |       |       |       |     9 ||     9
Dodge: Dodged            |    18 |     3 |    51 |    49 ||   121
